[Event "ICC tourney 2825 (30 10)"]
[Site "Internet Chess Club"]
[Date "2022.02.12"]
[Round "3"]
[White "ZHOU, ALEXANDER ZHENG:Lailaiking"]
[Black "Bharathy Mohan, Aarav Sai:aaravbm"]
[Result "0-1"]
[ICCResult "White checkmated"]
[WhiteElo "1109"]
[BlackElo "920"]
[Opening "Caro-Kann defense"]
[ECO "B10"]
[NIC "CK.01"]
[Time "16:00:28"]
[PlyCount "68"]
[TimeControl "1800+10"]

1. e4 c6 2. Nf3 d5 3. exd5 cxd5 4. d4 Bf5 5. Be3 Nf6 6. c3 e6 7. Nbd2 Be7 8.
Bb5+ Nbd7 9. Ne5 O-O 10. Nxd7 Nxd7 11. O-O a6 12. Ba4 Qc7 13. Bc2 Bxc2 14.
Qxc2 Bd6 15. Nf3 Nf6 16. Bg5 Ne4 17. Be3 h6 18. h3 Qd7 19. Nd2 Nxd2 20. Qxd2
Qc7 21. Rac1 Qd7 22. Rfe1 Qc7 23. b3 b5 24. Qd3 Rfc8 25. Rc2 Rab8 26. Rec1
Qd7 27. c4 bxc4 28. bxc4 dxc4 29. Rxc4 Rxc4 30. Qxc4 Kf8 31. Qc6 Qxc6 32.
Rxc6 Ke7 33. Rxa6 Rb1+ 34. Bc1 Rxc1# {White checkmated} 0-1

[Event "ICC tourney 2825 (30 10)"]
[Site "Internet Chess Club"]
[Date "2022.02.12"]
[Round "3"]
[White "COLLIER, ZANE:K06-30119849"]
[Black "Agahian, Ryan:AgahianR"]
[Result "0-1"]
[ICCResult "White checkmated"]
[WhiteElo "871"]
[BlackElo "1046"]
[Opening "QGD: 4.Nf3"]
[ECO "D37"]
[NIC "QO.16"]
[Time "16:00:34"]
[PlyCount "166"]
[TimeControl "1800+10"]

1. d4 d5 2. c4 e6 3. Nc3 Nf6 4. Nf3 Be7 5. cxd5 exd5 6. Bg5 O-O 7. e3 Bg4 8.
Be2 Nc6 9. O-O Qd7 10. Qb3 a6 11. Bxf6 Bxf6 12. Qxd5 Rfd8 13. Qxd7 Rxd7 14.
h3 Be6 15. Rad1 Nb4 16. a3 Nd5 17. Nxd5 Bxd5 18. Rc1 c6 19. Nd2 b5 20. Rc2
Kf8 21. Rfc1 Ke7 22. Bf3 Rb8 23. Bxd5 cxd5 24. Nb3 Ke8 25. Rc8+ Rxc8 26.
Rxc8+ Ke7 27. Rc1 Kd8 28. Nc5 Rc7 29. Nd3 Re7 30. Kf1 a5 31. Rc5 b4 32. axb4
axb4 33. Nxb4 Rb7 34. Nxd5 Rxb2 35. Nxf6 gxf6 36. Rf5 Ke7 37. Rh5 Rb1+ 38.
Ke2 Rg1 39. Kf3 Ra1 40. Rxh7 Ra5 41. Rg7 Rh5 42. Rg4 Rf5+ 43. Rf4 Rh5 44.
Re4+ Kd6 45. Kf4 Rg5 46. Kf3 Rh5 47. Rg4 Rf5+ 48. Kg3 Ke6 49. d5+ Rxd5 50.
Re4+ Kf5 51. Rf4+ Ke6 52. Kh2 Rd2 53. Rf3 Ke5 54. h4 f5 55. h5 Rd8 56. Rh3
Kf6 57. Kg3 Kg5 58. h6 Rh8 59. h7 Kg6 60. Kf4 f6 61. Rg3+ Kf7 62. Kxf5 Rxh7
63. Rg6 Rh5+ 64. Kg4 Kxg6 65. f4 Rh2 66. g3 Re2 67. Kf3 Ra2 68. g4 Ra3 69.
Ke4 Ra4+ 70. Kf3 Ra1 71. Kf2 f5 72. gxf5+ Kxf5 73. Kf3 Ra3 74. Kg3 Rxe3+ 75.
Kf2 Re4 76. Kg3 Rxf4 77. Kh3 Rg4 78. Kh2 Kf4 79. Kh3 Kf3 80. Kh2 Rg3 81. Kh1
Kf2 82. Kh2 Rf3 83. Kh1 Rh3# {White checkmated} 0-1

[Event "ICC tourney 2825 (30 10)"]
[Site "Internet Chess Club"]
[Date "2022.02.12"]
[Round "3"]
[White "RAVAL, MEET:K09-30125723"]
[Black "PADIYAR, SUNMAY:sunmay12"]
[Result "0-1"]
[ICCResult "White resigns"]
[WhiteElo "1197"]
[BlackElo "1320"]
[Opening "Four knights: Spanish variation"]
[ECO "C48"]
[NIC "KP.03"]
[Time "16:00:08"]
[PlyCount "60"]
[TimeControl "1800+10"]

1. e4 e5 2. Nf3 Nc6 3. Bb5 Nf6 4. Nc3 d6 5. Bxc6+ bxc6 6. O-O Be7 7. d4 exd4
8. Qxd4 O-O 9. Bg5 c5 10. Qe3 h6 11. Bh4 Ng4 12. Bxe7 Qxe7 13. Qf4 f5 14.
Rfe1 fxe4 15. Rxe4 Qd7 16. Qd2 Bb7 17. Rf4 Bxf3 18. Rxf3 Rxf3 19. gxf3 Nf6
20. Ne4 Rf8 21. Re1 Qh3 22. Nxf6+ Rxf6 23. Re8+ Kh7 24. Qd3+ Rg6+ 25. Qxg6+
Kxg6 26. Re7 Qxf3 27. Rxc7 Qd1+ 28. Kg2 Qxc2 29. Rxa7 Qxb2 30. Ra6 Qb7+
{White resigns}
0-1

[Event "ICC tourney 2825 (30 10)"]
[Site "Internet Chess Club"]
[Date "2022.02.12"]
[Round "3"]
[White "Pe, Joe Mari:jmpe"]
[Black "HAMLETT, JAMES MORRISON:Hamlett144"]
[Result "1-0"]
[ICCResult "Black resigns"]
[WhiteElo "1291"]
[BlackElo "1232"]
[Opening "English: Sicilian reversed"]
[ECO "A25"]
[NIC "EO.23"]
[Time "16:00:40"]
[PlyCount "67"]
[TimeControl "1800+10"]

1. c4 e5 2. Nc3 Nc6 3. d3 f5 4. g3 Nf6 5. Bg2 Bb4 6. Bd2 O-O 7. Nf3 d6 8.
Qb3 Qe8 9. Nb5 Bxd2+ 10. Nxd2 Qf7 11. Nf3 a6 12. Ng5 Qe7 13. c5+ Kh8 14.
cxd6 cxd6 15. Qa3 Ne8 16. h4 h6 17. Bd5 Bd7 18. Rc1 axb5 19. Qxa8 Nf6 20.
Nf7+ Kh7 21. Ng5+ Kg6 22. Qxf8 Nxd5 23. Qxe7 Ncxe7 24. Nf3 Bc6 25. O-O f4
26. Nd2 fxg3 27. fxg3 Ne3 28. Rf8 Bg2 29. Kf2 N7d5 30. Rd8 Bh3 31. Rxd6+ Kf5
32. Rxd5 Nxd5 33. e4+ Ke6 34. exd5+ {Black resigns} 1-0

[Event "ICC tourney 2825 (30 10)"]
[Site "Internet Chess Club"]
[Date "2022.02.12"]
[Round "3"]
[White "ASHOK, AMUDHAN:amudhanashok"]
[Black "SREEKUMAR MALIEKAL, BALAKRISHNAN:mindgame1234"]
[Result "0-1"]
[ICCResult "White checkmated"]
[WhiteElo "963"]
[BlackElo "1109"]
[Opening "Sicilian"]
[ECO "B50"]
[NIC "SI.01"]
[Time "16:00:11"]
[PlyCount "108"]
[TimeControl "1800+10"]

1. e4 c5 2. Nf3 d6 3. Bc4 Nf6 4. c3 Nxe4 5. d3 Nf6 6. O-O Bg4 7. h3 Bh5 8.
Nbd2 e6 9. Re1 Be7 10. Nf1 Nc6 11. Ng3 Bg6 12. Nh4 Ne5 13. Bb5+ Nfd7 14.
Nxg6 hxg6 15. Bf4 Nc6 16. Ne4 Qc7 17. Qf3 O-O-O 18. Qg3 Nf6 19. Nxf6 Bxf6
20. Rac1 Ne7 21. d4 Qb6 22. Qd3 Nd5 23. Bg3 Nc7 24. a4 cxd4 25. cxd4 Qxd4
26. Qxd4 Bxd4 27. Rcd1 e5 28. b3 Nxb5 29. axb5 Kc7 30. Re2 Kb6 31. Rc2 Rc8
32. Rdc1 Rxc2 33. Rxc2 Bc5 34. Kf1 Kxb5 35. f3 Rc8 36. Bf2 Rc6 37. Rc4 Bxf2
38. Rxc6 bxc6 39. Kxf2 Kb4 40. Ke3 Kxb3 41. Kd3 a5 42. Kd2 Kb2 43. Kd3 a4
44. f4 exf4 45. g3 fxg3 46. h4 a3 47. h5 gxh5 48. Ke4 g2 49. Kf5 a2 50. Kg5
a1=Q 51. Kf4 g1=Q 52. Ke4 Qae1+ 53. Kf4 Qge3+ 54. Kf5 Qf1# {White
checkmated} 0-1

[Event "ICC tourney 2825 (30 10)"]
[Site "Internet Chess Club"]
[Date "2022.02.12"]
[Round "3"]
[White "QIAO, RICHARDSON JINGSI:Richardsonqiao"]
[Black "HELLER, JACK G:Maximusiv"]
[Result "0-1"]
[ICCResult "White checkmated"]
[WhiteElo "400"]
[BlackElo "1005"]
[Opening "Scandinavian: Icelandic gambit"]
[ECO "B01"]
[NIC "SD.03"]
[Time "16:00:10"]
[PlyCount "142"]
[TimeControl "1800+10"]

1. e4 d5 2. exd5 Nf6 3. c4 e6 4. dxe6 Bxe6 5. d4 Bb4+ 6. Bd2 Bxd2+ 7. Qxd2
Qe7 8. Qe2 Qd7 9. d5 Nxd5 10. cxd5 Qxd5 11. Nc3 Qc6 12. Qb5 O-O 13. Qxc6
Nxc6 14. Nf3 Rfe8 15. Be2 Bc4 16. Rd1 Nb4 17. Nd4 Nd3+ 18. Kf1 Nxb2 19. Rb1
Bxe2+ 20. Ncxe2 Nd3 21. Rxb7 c5 22. Nc6 c4 23. Nb4 Rac8 24. Nd5 c3 25. Ne7+
Kf8 26. Nxc8 Rxc8 27. g3 c2 28. Kg2 c1=Q 29. Nxc1 Nxc1 30. Rxa7 Nd3 31. Rd1
Rd8 32. Ra3 Nf4+ 33. gxf4 Rxd1 34. Re3 Ra1 35. a3 Ra2 36. Kf3 g6 37. h4 f5
38. Rb3 Kg7 39. Ke3 Kh6 40. Kf3 Ra1 41. Kg2 Ra2 42. Rc3 Kh5 43. Rh3 Kg4 44.
Rh2 Rxa3 45. Kf1 Kxf4 46. Kg2 Kg4 47. Rh1 f4 48. Kh2 Rh3+ 49. Kg2 Rxh1 50.
Kxh1 f3 51. Kg1 Kxh4 52. Kh2 g5 53. Kg1 Kh3 54. Kh1 g4 55. Kg1 h6 56. Kh1 h5
57. Kg1 h4 58. Kf1 Kh2 59. Ke1 h3 60. Kf1 g3 61. fxg3 Kxg3 62. Kg1 f2+ 63.
Kf1 h2 64. Ke2 h1=Q 65. Ke3 Qe1+ 66. Kd4 Kf4 67. Kd5 f1=Q 68. Kc5 Qd3 69.
Kc6 Qc1+ 70. Kb6 Qb3+ 71. Ka5 Qa1# {White checkmated} 0-1

[Event "ICC tourney 2825 (30 10)"]
[Site "Internet Chess Club"]
[Date "2022.02.12"]
[Round "3"]
[White "SHANKAR, NEAL:NealShankar4"]
[Black "Francis-Emonds, Nico Maximilian:nemonds9"]
[Result "0-1"]
[ICCResult "White resigns"]
[WhiteElo "1003"]
[BlackElo "1372"]
[Opening "Scandinavian (center counter) defense"]
[ECO "B01"]
[NIC "SD.02"]
[Time "16:01:23"]
[PlyCount "122"]
[TimeControl "1800+10"]

1. e4 d5 2. exd5 Qxd5 3. Nc3 Qd8 4. d4 g6 5. Nf3 Bg7 6. Bf4 c6 7. Bc4 e6 8.
Qd2 b6 9. O-O-O Bb7 10. Rhe1 Ne7 11. Bh6 O-O 12. Bxg7 Kxg7 13. Kb1 Nd7 14.
h4 h6 15. Qf4 Nd5 16. Nxd5 cxd5 17. Be2 Rc8 18. c3 Qf6 19. Qh2 Qe7 20. Ne5
Nxe5 21. Qxe5+ Qf6 22. Qg3 a6 23. f4 b5 24. h5 Rce8 25. Bf3 Bc8 26. a3 Kh7
27. Rh1 Rg8 28. Qh2 Rh8 29. Be2 Kg7 30. Rdf1 Bd7 31. g4 Bc8 32. g5 hxg5 33.
h6+ Kh7 34. fxg5 Qe7 35. Qe5 Rhg8 36. Rf6 Ref8 37. Rhf1 Bd7 38. Bf3 Bc6 39.
Bg4 Be8 40. Bf3 Bc6 41. Qf4 Kh8 42. Be2 Be8 43. Rh1 Kh7 44. Rf1 Rh8 45. Qe5
Rhg8 46. Qb8 Qd7 47. Qb6 Rh8 48. Qxa6 Kg8 49. Kc2 Rh7 50. Kb3 Qc7 51. Rg1
Bc6 52. Bxb5 Bxb5 53. Qxb5 Rb8 54. Qxb8+ Qxb8+ 55. Kc2 Qh2+ 56. Kd3 Qxg1 57.
b4 Qd1+ 58. Ke3 Qb3 59. Kd3 Qxa3 60. Rf1 Qa6+ 61. Kc2 Qxf1 {White resigns}
0-1

[Event "ICC tourney 2825 (30 10)"]
[Site "Internet Chess Club"]
[Date "2022.02.12"]
[Round "3"]
[White "WESLEY, GEORGE:Maglars"]
[Black "MADSEN, STUART:gmstuartscott"]
[Result "1-0"]
[ICCResult "Black resigns"]
[WhiteElo "1026"]
[BlackElo "717"]
[Opening "English: Sicilian reversed"]
[ECO "A25"]
[NIC "EO.20"]
[Time "16:00:13"]
[PlyCount "133"]
[TimeControl "1800+10"]

1. c4 e5 2. Nc3 Nc6 3. g3 Nf6 4. Bg2 d6 5. e3 Be6 6. Nge2 Bxc4 7. b3 Bd3 8.
O-O Be7 9. a3 O-O 10. Re1 Rb8 11. b4 a6 12. Qb3 Qd7 13. f4 Bf5 14. Bb2 Bh3
15. Bf3 e4 16. Nxe4 Nxe4 17. Bxe4 Qg4 18. Bd5 Nd8 19. Nc3 c6 20. Bh1 d5 21.
d4 Bh4 22. Qd1 Qg6 23. Kf2 Be7 24. e4 f6 25. exd5 Bd6 26. dxc6 bxc6 27. Qb3+
Kh8 28. Ne4 Bc7 29. Rac1 f5 30. Ng5 Bg4 31. h3 Bh5 32. d5 h6 33. Ne6 Bb6+
34. Kf1 Nxe6 35. Rxe6 Qf7 36. Rxh6+ Kg8 37. Rhxc6 Qe7 38. Qc2 Be3 39. Re1
Rbe8 40. Bd4 Qf7 41. Rxe3 Rxe3 42. Bxe3 Qe7 43. Bc5 Be2+ 44. Qxe2 Qxe2+ 45.
Kxe2 Re8+ 46. Re6 Rc8 47. Kd2 a5 48. Kc3 axb4+ 49. axb4 Ra8 50. d6 Ra3+ 51.
Kc4 Rxg3 52. d7 Rg1 53. d8=Q+ Kh7 54. Bc6 Rc1+ 55. Kb3 Rb1+ 56. Kc2 Rh1 57.
Qh4+ Kg8 58. Re8+ Kf7 59. Qh5+ Kf6 60. Qf7+ Kxf7 61. Bxh1 Kxe8 62. Bd4 g6
63. Bf3 Ke7 64. Be5 Ke6 65. b5 Kd7 66. b6 Kc8 67. b7+ {Black resigns} 1-0

[Event "ICC tourney 2825 (30 10)"]
[Site "Internet Chess Club"]
[Date "2022.02.12"]
[Round "4"]
[White "Bharathy Mohan, Aarav Sai:aaravbm"]
[Black "Joshi, Shriya:shriyaclear"]
[Result "1-0"]
[ICCResult "Black resigns"]
[WhiteElo "920"]
[BlackElo "848"]
[Opening "Philidor's defense"]
[ECO "C41"]
[NIC "KP.10"]
[Time "18:00:38"]
[PlyCount "64"]
[TimeControl "1800+10"]

1. e4 e5 2. Nf3 d6 3. Nc3 Be7 4. Bc4 Nh6 5. d3 Bg5 6. Bxg5 f6 7. Bd2 Nc6 8.
Nd5 O-O 9. Nxc7+ Nf7 10. Nxa8 Bg4 11. O-O Qxa8 12. Bxf7+ Rxf7 13. h3 Be6 14.
a3 Qd8 15. Qe2 d5 16. exd5 Bxd5 17. Rfd1 Nd4 18. Nxd4 exd4 19. Re1 f5 20.
Qe8+ Qxe8 21. Rxe8+ Rf8 22. Rxf8+ Kxf8 23. Re1 g5 24. Bxg5 h6 25. Bxh6+ Kg8
26. Re5 Bc6 27. Rxf5 Kh7 28. Bf4 Kg6 29. Rg5+ Kh6 30. Ra5+ Kg6 31. Rxa7 Kf5
32. Bg3 b5 {Black resigns} 1-0

[Event "ICC tourney 2825 (30 10)"]
[Site "Internet Chess Club"]
[Date "2022.02.12"]
[Round "4"]
[White "ZHOU, ALEXANDER ZHENG:Lailaiking"]
[Black "COLLIER, ZANE:K06-30119849"]
[Result "0-1"]
[ICCResult "White resigns"]
[WhiteElo "1109"]
[BlackElo "871"]
[Opening "French: exchange variation"]
[ECO "C01"]
[NIC "FR.01"]
[Time "18:01:32"]
[PlyCount "94"]
[TimeControl "1800+10"]

1. e4 e6 2. d4 d5 3. exd5 exd5 4. Nc3 c6 5. Bf4 Nf6 6. Nf3 Bg4 7. Be2 Bb4 8.
h3 Bh5 9. g4 Bg6 10. a3 Bxc3+ 11. bxc3 O-O 12. O-O Ne4 13. c4 Nc3 14. Qd2
Nxe2+ 15. Qxe2 Re8 16. Qd2 dxc4 17. c3 Na6 18. Ne5 Qd5 19. Qb2 Qb5 20. Qxb5
cxb5 21. a4 bxa4 22. Rxa4 Rac8 23. Rxc4 Rxc4 24. Nxc4 Bd3 25. Nd2 Bxf1 26.
Nxf1 Rc8 27. Bd2 Nc7 28. Ne3 f6 29. d5 Rd8 30. c4 Kf7 31. Ba5 b6 32. Bb4 a5
33. Ba3 b5 34. cxb5 Nxb5 35. Bc5 Nc3 36. Bb6 Rd7 37. Bxa5 Nxd5 38. Nxd5 Rxd5
39. Kg2 Rxa5 40. Kg3 f5 41. g5 h6 42. gxh6 gxh6 43. f4 Kg6 44. Kh4 Ra4 45.
Kg3 Kh5 46. h4 Ra3+ 47. Kh2 Kxh4 {White resigns} 0-1

[Event "ICC tourney 2825 (30 10)"]
[Site "Internet Chess Club"]
[Date "2022.02.12"]
[Round "4"]
[White "Hiriyur Chethan, Nischith:NischithHC"]
[Black "QIAO, RICHARDSON JINGSI:Richardsonqiao"]
[Result "0-1"]
[ICCResult "White checkmated"]
[WhiteElo "968"]
[BlackElo "400"]
[Opening "Giuoco Pianissimo: Italian four knights variation"]
[ECO "C50"]
[NIC "IG.02"]
[Time "18:00:36"]
[PlyCount "130"]
[TimeControl "1800+10"]

1. e4 e5 2. Nf3 Nc6 3. Bc4 Bc5 4. Nc3 Nf6 5. d3 h6 6. Be3 Bb6 7. Qd2 d6 8.
O-O-O Ng4 9. h3 Nxe3 10. fxe3 Bd7 11. d4 exd4 12. exd4 Na5 13. Be2 Qe7 14.
Nd5 Qd8 15. Nxb6 axb6 16. d5 b5 17. Nd4 Nc4 18. Bxc4 bxc4 19. a3 b5 20. Qb4
Ra4 21. Qc3 Qg5+ 22. Qd2 Qxd2+ 23. Rxd2 c3 24. bxc3 Rxa3 25. Kb2 Ra4 26. Ra1
Rxa1 27. Kxa1 O-O 28. Kb2 Re8 29. Re2 f5 30. exf5 Rxe2 31. Nxe2 Bxf5 32. Nf4
g5 33. Ne6 Bxe6 34. dxe6 Kf8 35. Kb3 Ke7 36. Kb4 c6 37. c4 bxc4 38. Kxc4
Kxe6 39. Kd4 c5+ 40. Ke4 d5+ 41. Kf3 Ke5 42. Ke3 c4 43. c3 Kd6 44. Kd4 Ke6
45. g4 Kd6 46. Ke3 Ke5 47. Kd2 Kf4 48. Ke2 Kg3 49. Ke3 Kxh3 50. Kd4 Kxg4 51.
Kxd5 h5 52. Kxc4 h4 53. Kb4 h3 54. c4 h2 55. c5 h1=Q 56. Kb5 Qb7+ 57. Kc4
Kf4 58. Kd4 g4 59. Kc4 g3 60. Kd4 g2 61. Kc4 g1=Q 62. Kc3 Qxc5+ 63. Kd3
Qbd5+ 64. Ke2 Qe3+ 65. Kf1 Qdf3# {White checkmated} 0-1

[Event "ICC tourney 2825 (30 10)"]
[Site "Internet Chess Club"]
[Date "2022.02.12"]
[Round "4"]
[White "Rice, Christopher:CAlanR"]
[Black "SUNDARAM, KAVIN:weirdchicken"]
[Result "0-1"]
[ICCResult "White checkmated"]
[WhiteElo "712"]
[BlackElo "882"]
[Opening "Scandinavian (center counter) defense"]
[ECO "B01"]
[NIC "VO.17"]
[Time "18:00:38"]
[PlyCount "102"]
[TimeControl "1800+10"]

1. e4 d5 2. Nc3 d4 3. Nb5 e5 4. Nf3 Nf6 5. Nxe5 Nxe4 6. d3 Nf6 7. Bg5 Qe7 8.
Be2 Qxe5 9. Nxd4 Qxg5 10. O-O b6 11. Nf3 Qc5 12. d4 Qh5 13. Bc4 Bd6 14. Qe2+
Kf8 15. Rae1 Bd7 16. Ne5 Bxe5 17. dxe5 Qxe2 18. Rxe2 Nh5 19. Rfe1 Be6 20.
Bb5 Bxa2 21. e6 Bxe6 22. Rd1 Ke7 23. h3 a6 24. Bd3 Rd8 25. g4 Nf4 26. Re4
Nxh3+ 27. Kg2 Ng5 28. Re5 Kf6 29. f4 Bxg4 30. Rxg5 Bxd1 31. Bxh7 Bxc2 32.
Bxc2 Rd2+ 33. Kg3 Rxc2 34. b3 Rc3+ 35. Kg4 Rxb3 36. Rf5+ Kg6 37. Rg5+ Kh7
38. f5 Rb1 39. Kh5 Rh1+ 40. Kg4 Rg1+ 41. Kh5 Rxg5+ 42. Kxg5 a5 43. f6 gxf6+
44. Kxf6 a4 45. Kxf7 a3 46. Kf6 a2 47. Kf7 a1=Q 48. Ke7 Nc6+ 49. Kd7 Qd4+
50. Kxc6 Qc5+ 51. Kd7 Qd6# {White checkmated} 0-1

[Event "ICC tourney 2825 (30 10)"]
[Site "Internet Chess Club"]
[Date "2022.02.12"]
[Round "4"]
[White "Agahian, Ryan:AgahianR"]
[Black "SHANKAR, NEAL:NealShankar4"]
[Result "1-0"]
[ICCResult "Black checkmated"]
[WhiteElo "1046"]
[BlackElo "1003"]
[Opening "QGD: Ragozin variation"]
[ECO "D38"]
[NIC "NI.27"]
[Time "18:01:26"]
[PlyCount "139"]
[TimeControl "1800+10"]

1. d4 d5 2. c4 e6 3. Nc3 Nf6 4. Nf3 Bb4 5. Bg5 O-O 6. e3 h6 7. Bh4 c6 8. a3
Bxc3+ 9. bxc3 Re8 10. Bd3 Qa5 11. Qc2 Ne4 12. Bxe4 dxe4 13. Nd2 e5 14. O-O
exd4 15. cxd4 Bf5 16. c5 b6 17. Nc4 Qa6 18. Nd6 Nd7 19. Nxf5 bxc5 20. dxc5
Re5 21. Nd6 Nxc5 22. Bg3 Rd5 23. Nxe4 Nxe4 24. Qxe4 Rad8 25. Bc7 Rc8 26. Bg3
Rcd8 27. h3 Qe2 28. Qf3 Qb2 29. Rfd1 Rxd1+ 30. Rxd1 Rxd1+ 31. Qxd1 Qxa3 32.
Qd8+ Qf8 33. Qxf8+ Kxf8 34. Kf1 Ke7 35. Ke2 Ke6 36. Kd3 Kd5 37. f3 a5 38.
Be1 a4 39. Bb4 c5 40. Ba3 c4+ 41. Kc3 g6 42. e4+ Ke5 43. Kxc4 f5 44. exf5
gxf5 45. g3 h5 46. Bb2+ Ke6 47. f4 Kd6 48. Kb4 Kd5 49. Bc3 Ke4 50. Kxa4 Kf3
51. Be1 Kg2 52. g4 hxg4 53. h4 g3 54. h5 Kf3 55. Bxg3 Kxg3 56. h6 Kxf4 57.
h7 Ke3 58. h8=Q f4 59. Qh1 f3 60. Qf1 Kf4 61. Qf2 Ke4 62. Kb4 Kf4 63. Kc4
Ke4 64. Kc3 Kf4 65. Kd4 Kg4 66. Ke4 Kh3 67. Qxf3+ Kh2 68. Qg4 Kh1 69. Kf3
Kh2 70. Qg2# {Black checkmated} 1-0

[Event "ICC tourney 2825 (30 10)"]
[Site "Internet Chess Club"]
[Date "2022.02.12"]
[Round "4"]
[White "PADIYAR, SUNMAY:sunmay12"]
[Black "Pe, Joe Mari:jmpe"]
[Result "0-1"]
[ICCResult "White checkmated"]
[WhiteElo "1320"]
[BlackElo "1291"]
[Opening "Sicilian: Alapin's variation (2.c3)"]
[ECO "B22"]
[NIC "SI.46"]
[Time "18:00:36"]
[PlyCount "98"]
[TimeControl "1800+10"]

1. e4 c5 2. c3 Nc6 3. d4 cxd4 4. cxd4 d6 5. d5 Nb8 6. Nc3 g6 7. Nf3 Bg7 8.
Bd3 Qb6 9. O-O Bg4 10. Be2 Nd7 11. Na4 Qb4 12. Qc2 b5 13. Nc3 Rc8 14. Bd2 a6
15. h3 Bxf3 16. Bxf3 Ne5 17. Be2 Nc4 18. Bxc4 Rxc4 19. a3 Qc5 20. Qb3 Nf6
21. Be3 Qc8 22. a4 b4 23. Ne2 Nxe4 24. Rac1 Rxc1 25. Rxc1 Qb7 26. Rc4 Nc5
27. Bxc5 dxc5 28. Rxc5 O-O 29. Nf4 Be5 30. Nd3 Bd6 31. Rc1 a5 32. Re1 Rc8
33. g3 Qb6 34. Kg2 Qd4 35. Re3 Rc4 36. Ne1 Qxd5+ 37. Nf3 Qc6 38. Qd3 Rc5 39.
b3 Rc1 40. Kh2 Bc5 41. Re2 Rc3 42. Qd8+ Kg7 43. Ne5 Qd6 44. Qxa5 Qd1 45. Qa8
Qxe2 46. Ng4 Bxf2 47. Qg2 Bxg3+ 48. Kh1 Rc1+ 49. Qg1 Qf3# {White checkmated}
0-1

[Event "ICC tourney 2825 (30 10)"]
[Site "Internet Chess Club"]
[Date "2022.02.12"]
[Round "4"]
[White "WESLEY, GEORGE:Maglars"]
[Black "RAVAL, MEET:K09-30125723"]
[Result "0-1"]
[ICCResult "White resigns"]
[WhiteElo "1026"]
[BlackElo "1197"]
[Opening "English: Bremen, Smyslov system"]
[ECO "A22"]
[NIC "EO.11"]
[Time "18:00:36"]
[PlyCount "90"]
[TimeControl "1800+10"]

1. c4 e5 2. Nc3 Nf6 3. g3 Bb4 4. Bg2 O-O 5. e3 c6 6. Nge2 d5 7. cxd5 cxd5 8.
a3 Ba5 9. b4 Bb6 10. Na4 Be6 11. Nxb6 Qxb6 12. Bb2 Nbd7 13. O-O a5 14. Bc3
axb4 15. axb4 Rfc8 16. Rb1 Ne4 17. Bxe4 dxe4 18. Qc2 Bh3 19. Rfe1 Rc4 20. d3
Qf6 21. Nf4 Rxc3 22. Qxc3 exf4 23. Qxf6 Nxf6 24. exf4 exd3 25. Red1 Rd8 26.
Rbc1 h6 27. f3 Be6 28. Rd2 Rd4 29. Rb1 b5 30. Ra1 Bb3 31. Rb1 Bc2 32. Rb2
Nd5 33. Kf2 Rxb4 34. Ra2 Ra4 35. Rb2 b4 36. f5 b3 37. Rxd3 Bxd3 38. Rxb3
Ra2+ 39. Kg1 Bxf5 40. Rb5 Be6 41. Kh1 Ne3 42. Kg1 Bd5 43. f4 Rd2 44. Rb1
Rg2+ 45. Kh1 Rb2+ {White resigns} 0-1

[Event "ICC tourney 2825 (30 10)"]
[Site "Internet Chess Club"]
[Date "2022.02.12"]
[Round "4"]
[White "Francis-Emonds, Nico Maximilian:nemonds9"]
[Black "HAMLETT, JAMES MORRISON:Hamlett144"]
[Result "1-0"]
[ICCResult "Black resigns"]
[WhiteElo "1372"]
[BlackElo "1232"]
[Opening "Queen's pawn game"]
[ECO "A45"]
[NIC "QP.07"]
[Time "18:00:50"]
[PlyCount "75"]
[TimeControl "1800+10"]

1. d4 Nf6 2. g3 d5 3. Bg2 Bf5 4. e3 Qd7 5. b3 c6 6. Bb2 Na6 7. c3 Nc7 8. Nd2
g5 9. c4 h5 10. Ngf3 g4 11. Ne5 Qe6 12. Nb1 Bg7 13. Nc3 Ne4 14. cxd5 cxd5
15. Bxe4 Bxe4 16. Nxe4 dxe4 17. Nc4 Nd5 18. a3 O-O 19. O-O Bf6 20. Rc1 Kg7
21. Kg2 h4 22. Nd2 hxg3 23. hxg3 Rh8 24. Qc2 Bg5 25. Qxe4 Bxe3 26. Qxe6 fxe6
27. fxe3 Nxe3+ 28. Kg1 Nxf1 29. Nxf1 Rhc8 30. d5+ Kf7 31. dxe6+ Kxe6 32.
Re1+ Kf7 33. Re2 Rc6 34. Ne3 Re6 35. Rf2+ Kg6 36. Nxg4 Rd8 37. Ne5+ Kg5 38.
Nf7+ {Black resigns} 1-0

[Event "ICC tourney 2825 (30 10)"]
[Site "Internet Chess Club"]
[Date "2022.02.12"]
[Round "4"]
[White "SREEKUMAR MALIEKAL, BALAKRISHNAN:mindgame1234"]
[Black "HELLER, JACK G:Maximusiv"]
[Result "0-1"]
[ICCResult "White resigns"]
[WhiteElo "1109"]
[BlackElo "1005"]
[Opening "Scandinavian: Icelandic gambit"]
[ECO "B01"]
[NIC "SD.03"]
[Time "18:00:50"]
[PlyCount "112"]
[TimeControl "1800+10"]

1. e4 d5 2. exd5 Nf6 3. c4 e6 4. dxe6 Bxe6 5. d4 Bb4+ 6. Bd2 Bxd2+ 7. Qxd2
O-O 8. Nc3 Re8 9. O-O-O Na6 10. Nf3 c5 11. d5 Bf5 12. Bd3 Bxd3 13. Qxd3 Nb4
14. Qd2 Qa5 15. a3 Na6 16. Rhe1 Rxe1 17. Rxe1 Rd8 18. h3 Qb6 19. Qc2 Qd6 20.
Kb1 Nc7 21. Ne4 Nxe4 22. Qxe4 g6 23. Qe7 Qxe7 24. Rxe7 Rc8 25. Ne5 f6 26.
Nf7 Kf8 27. Rd7 Ke8 28. Nd6+ Kxd7 29. Nxc8 Kxc8 30. Kc2 Kd7 31. Kd3 Kd6 32.
Ke4 a6 33. a4 h6 34. f4 f5+ 35. Kd3 Ne8 36. g4 Nf6 37. g5 hxg5 38. fxg5 Nh5
39. h4 Ng7 40. Ke3 Nh5 41. Kf3 Ke5 42. Ke3 Nf4 43. Kf3 Nd3 44. h5 gxh5 45.
g6 Kf6 46. d6 Ne5+ 47. Kf4 Nxg6+ 48. Ke3 Ke6 49. Kd3 Kxd6 50. Kc3 Ke5 51. b4
b6 52. b5 a5 53. Kd3 Kf4 54. Ke2 h4 55. Kf2 Kg4 56. Ke3 Kg3 {White resigns}
0-1

[Event "ICC tourney 2825 (30 10)"]
[Site "Internet Chess Club"]
[Date "2022.02.12"]
[Round "5"]
[White "Maradana, Harsha:K05-30024511"]
[Black "Hiriyur Chethan, Nischith:NischithHC"]
[Result "0-1"]
[ICCResult "White resigns"]
[WhiteElo "395"]
[BlackElo "968"]
[Opening "Giuoco Pianissimo: Canal variation"]
[ECO "C50"]
[NIC "IG.02"]
[Time "20:01:04"]
[PlyCount "80"]
[TimeControl "1800+10"]

1. e4 e5 2. Nf3 Nc6 3. Bc4 Bc5 4. Nc3 Nf6 5. d3 d6 6. Bg5 h6 7. Bh4 g5 8.
Bg3 Bg4 9. h3 Bh5 10. O-O Nd4 11. a3 Nxf3+ 12. gxf3 Qd7 13. Ne2 Qxh3 14. Nc3
Qxg3+ 15. Kh1 Qh3+ 16. Kg1 Bxf3 17. Qxf3 Qxf3 18. d4 exd4 19. Be2 Qh3 20.
Nb1 Ng4 21. Bxg4 Qxg4+ 22. Kh1 Qxe4+ 23. Kg1 Qxc2 24. a4 Qxb2 25. Re1+ Kf8
26. Na3 Bxa3 27. Rab1 Qxb1 28. Rxb1 b6 29. Rc1 c5 30. f3 Re8 31. Ra1 Bb2 32.
Ra2 Bc3 33. Rc2 Re3 34. Kf2 Kg7 35. Rc1 h5 36. Rg1 Kf6 37. Kg2 h4 38. Kf2 h3
39. Rh1 h2 40. Kg2 d3 {White resigns} 0-1

[Event "ICC tourney 2825 (30 10)"]
[Site "Internet Chess Club"]
[Date "2022.02.12"]
[Round "5"]
[White "HAMLETT, JAMES MORRISON:Hamlett144"]
[Black "Bharathy Mohan, Aarav Sai:aaravbm"]
[Result "1-0"]
[ICCResult "Black checkmated"]
[WhiteElo "1232"]
[BlackElo "920"]
[Opening "Caro-Kann: advance variation"]
[ECO "B12"]
[NIC "CK.04"]
[Time "20:01:12"]
[PlyCount "45"]
[TimeControl "1800+10"]

1. e4 c6 2. d4 d5 3. e5 Bf5 4. f4 e6 5. Nf3 Nd7 6. Be2 Be7 7. Nbd2 Qc7 8.
O-O O-O-O 9. a4 Re8 10. a5 a6 11. c3 Nh6 12. b4 Ng4 13. Nb3 Kb8 14. Ne1 Nh6
15. Nd3 Bg6 16. Nbc5 Nxc5 17. bxc5 f5 18. Nb4 Ka7 19. Qd3 Ra8 20. Nxa6 bxa6
21. Qxa6+ Kb8 22. Rb1+ Qb7 23. Qxb7# {Black checkmated} 1-0

[Event "ICC tourney 2825 (30 10)"]
[Site "Internet Chess Club"]
[Date "2022.02.12"]
[Round "5"]
[White "Rice, Christopher:CAlanR"]
[Black "ZHOU, ALEXANDER ZHENG:Lailaiking"]
[Result "0-1"]
[ICCResult "White checkmated"]
[WhiteElo "712"]
[BlackElo "1109"]
[Opening "Scotch game"]
[ECO "C45"]
[NIC "SO.04"]
[Time "20:01:42"]
[PlyCount "62"]
[TimeControl "1800+10"]

1. e4 e5 2. Nf3 Nc6 3. d4 exd4 4. Nxd4 Nxd4 5. Qxd4 d6 6. f3 Nf6 7. Nc3 Be7
8. Bg5 Be6 9. Bd3 h6 10. Bxf6 Bxf6 11. O-O-O Bxd4 12. b3 Bxc3 13. h3 a5 14.
a4 Rb8 15. g4 c6 16. f4 b5 17. Be2 bxa4 18. Rd3 Bb4 19. c3 Ba3+ 20. Kc2
axb3+ 21. Kd2 b2 22. Ke3 b1=Q 23. Rxb1 Rxb1 24. f5 Bc4 25. Rd4 Bxe2 26. Kxe2
Rb2+ 27. Ke3 Qe7 28. Ra4 Qg5+ 29. Kd3 Qd2+ 30. Kc4 d5+ 31. exd5 Qxd5#
{White checkmated}
0-1